 Dungeon Crawl Stone Soup version 0.26-a0-1106-g6dfc622489 (webtiles) character file.

Game seed: 525148994449568681

28 JohnSpartan the Skirmisher (level 3, -8/33 HPs)
             Began as a Hill Orc Fighter on Dec 16, 2020.
             Killed from afar by a white imp (9 damage)
             ... with a puff of frost
             ... summoned by Natasha
             ... on level 2 of the Dungeon.
             The game lasted 00:04:35 (890 turns).

JohnSpartan the Skirmisher (Hill Orc Fighter)        Turns: 890, Time: 00:04:35

Health: -8/33      AC:  7    Str: 19    XL:     3   Next: 12%
Magic:  3/3        EV:  7    Int:  8    God:
Gold:   46         SH:  9    Dex: 10    Spells: 2/2 levels left

rFire    . . .     SeeInvis .   a - +0 long sword
rCold    . . .     Faith    .   c - +0 kite shield
rNeg     . . .     Spirit   .   b - +0 scale mail
rPois    .         Reflect  .   (no helmet)
rElec    .         Harm     .   (no cloak)
rCorr    .         Rampage  .   (no gloves)
Will     .....                  (no boots)
Stlth    ..........             (no amulet)
HPRegen  0.11/turn              (no ring)
MPRegen  0.08/turn              (no ring)

@: no status effects
A: no striking features
a: no special abilities


You were on level 2 of the Dungeon.
You visited 1 branch of the dungeon, and saw 2 of its levels.

You collected 46 gold pieces.

Inventory:

Hand Weapons
 a - a +0 long sword (weapon)
 f - a +0 dagger
 j - a +0 hand axe
 l - a +0 dagger
 n - a +0 dagger
 q - a +0 whip
 r - a +0 club
 t - a +0 dagger
 u - a +0 club
 v - a cursed +0 dagger
Missiles
 h - 20 poisoned darts (quivered)
 o - 54 stones
Armour
 b - a +0 scale mail (worn)
 c - a +0 kite shield (worn)
Scrolls
 i - 3 scrolls of remove curse {unknown}
 p - a scroll of identify {unknown}
Potions
 d - a potion of might
 e - a potion of magic {unknown}
 g - a potion of haste {unknown}
 k - a potion of heal wounds {unknown}
 m - a potion of curing
 s - a potion of berserk rage {unknown}


   Skills:
 + Level 4.0 Fighting
 + Level 2.6 Long Blades
 + Level 3.7 Armour
 + Level 0.3 Dodging
 + Level 3.5 Shields


You had 2 spell levels left.
You didn't know any spells.
Your spell library was empty.

Dungeon Overview and Level Annotations

Branches:
Dungeon (2/15)

Altars:

Annotations:
D:2 Natasha


Message History

You resist with significant effort.
You hit Natasha.
Natasha is almost dead.
Natasha claws you. You block Natasha's attack.
You closely miss Natasha.
Natasha is almost dead.
Natasha casts a spell at you. The magic dart hits you.
* * * LOW HITPOINT WARNING * * *
You barely miss Natasha.
Natasha is almost dead.
Natasha mumbles some strange words.
You barely miss Natasha.
Natasha is almost dead.
Natasha claws you!
* * * LOW HITPOINT WARNING * * *
You block the white imp's attack. You block Natasha's attack.
The white imp gestures at you. The puff of frost hits you!
You die...

###.#.#..########.######
........................
.......(..g(..........>.
....#.#(###.#####.#####.
. # #5#.........#
#g#.......###
#h#.......# #.#.......#
#@5.......# #....######
#....# #....# .....#
.....+ .....# .....##


You could see Natasha, a crimson imp (summoned), a white imp (summoned) and a
goblin.

Vanquished Creatures
  A worm (D:2)
  A bat (D:2)
  A giant cockroach (D:2)
  3 goblins (D:1)
  2 hobgoblins (D:1)
  2 jackals (D:1)
  6 kobolds
  A ball python (D:1)
  3 frilled lizards (D:1)
  A quokka skeleton (D:2)
  4 rats (D:1)
25 creatures vanquished.

Notes
Turn   | Place    | Note
-------+----------+-------------------------------------------
     0 | D:1      | JohnSpartan the Hill Orc Fighter began the quest for the
                  | Orb.
     0 | D:1      | Reached XP level 1. HP: 19/19 MP: 1/1
   316 | D:1      | Reached XP level 2. HP: 27/27 MP: 2/2
   840 | D:2      | Reached XP level 3. HP: 30/33 MP: 3/3
   855 | D:2      | Reached skill level 4 in Fighting
   873 | D:2      | Noticed Natasha
   889 | D:2      | HP: 1/33 [Natasha (8)]
   890 | D:2      | Killed from afar by a white imp

Illustrated notes

Levels and vault maps discovered:
D:1:      wander_arrival_abandoned_jail, layout_loops_ring,
          chequers_hall_statues_wall_a
D:2:      layout_basic, nicolae_dithmenos_through_a_glass_darkly,
          general_overflow_altar, chequers_ecumenical_altar_twisty,
          hangedman_decor_growths, ebering_dispersal_statue_hall, uniq_natasha

Skill      XL: |  1  2  3 |
---------------+----------+-----
Fighting       | 4 |  4.0
Long Blades    | |  2.6
Armour         | |  3.7
Dodging        | |  0.3
Shields        | |  3.5

Action                   || total
-------------------------++-------
Melee: Long sword        ||    71
Armor: Scale mail        ||    38
Dodge: Dodged            ||    21
Block: Kite shield       ||    34
       Rpst.: Long sword ||     9

Table legend: (Time is in decaauts)
 A = Elapsed time spent in this place.
 B = Non-inter-level travel time spent in this place.
 C = Inter-level travel time spent in this place.
 D = Time resting spent in this place.
 E = Time spent auto-exploring this place.
 F = Levels seen in this place.
 G = Mean time per level.
                   A        B        C        D        E       F      G
               +--------+--------+--------+--------+--------+-----+--------+
         Total |    915 |    915 |      0 |      0 |    327 |   2 |  457.5 |
       Dungeon |    915 |    915 |      0 |      0 |    327 |   2 |  457.5 |
               +--------+--------+--------+--------+--------+-----+--------+

Top non-repeatable levels by time:
     D:1: 798 daAuts
     D:2: 116 daAuts
